 Dungeon Crawl Stone Soup version 0.29.1-15-g9cfb28693d (webtiles) character file.

Game seed: 18221529750739377231

8 386 the Trooper (level 2, 21/24 HPs)
             Began as a Demonspawn Fighter on Mar 22, 2023.
             Quit the game on level 1 of the Dungeon.
             The game lasted 00:00:27 (139 turns).

386 the Trooper (Demonspawn Fighter)                 Turns: 139, Time: 00:00:27

Health: 21/24      AC:  6    Str: 16    XL:     2   Next: 0%
Magic:  2/2        EV:  8    Int:  9    God:
Gold:   6          SH:  4    Dex: 12    Spells: 1/1 levels left

rFire   . . .      SeeInvis .   a - +0 war axe
rCold   . . .      Faith    .   c - +0 buckler
rNeg    . . .      Spirit   .   b - +0 scale mail
rPois   .          Reflect  .   (no helmet)
rElec   .          Harm     .   (no cloak)
rCorr   .          Rampage  .   (no gloves)
Will    .....                   (no boots)
Stlth   ..........              (no amulet)
HPRegen 0.08/turn               (no ring)
MPRegen 0.08/turn               (no ring)

@: no status effects
A: weakness stinger 1
a: no special abilities


You were on level 1 of the Dungeon.
You visited 1 branch of the dungeon, and saw 1 of its levels.

You collected 6 gold pieces.

Inventory:

Hand Weapons
 a - a +0 war axe (weapon)
Armour
 b - a +0 scale mail (worn)
 c - a +0 buckler (worn)
Scrolls
 e - a scroll of noise {unknown}
Potions
 d - a potion of might


   Skills:
 + Level 3.1 Fighting
 + Level 2.0 Axes
 + Level 2.8 Armour
 + Level 2.8 Shields


You had one spell level left.
You didn't know any spells.
Your spell library was empty.

Dungeon Overview and Level Annotations

Branches:
Dungeon (1/15)

Altars:


Innate Abilities, Weirdness & Mutations

You have a small tail.


Message History

The bat hits you but does no damage. x2
You completely miss the bat. You block the bat's attack.
The bat barely misses you. The bat hits you but does no damage.
You miss the bat. The bat barely misses you. x2
You barely miss the bat. The bat hits you but does no damage.
The bat barely misses you. The bat misses you. The bat completely misses you.
The bat barely misses you.
No target in view!
No target in view!
No target in view!
The bat hits you but does no damage.
You hit the bat.
You kill the bat!
No target in view!
No target in view!
An endoplasm comes into view.
The endoplasm quivers.
Found a stone staircase leading down.
You see here a ring of flight.
Found 6 stones.
The endoplasm freezes you.
You are frozen.
You barely miss the endoplasm.
The endoplasm hits you but does no damage.
The endoplasm barely misses you.
You barely miss the endoplasm. The endoplasm barely misses you.
You hit the endoplasm.
The endoplasm is severely wounded.
The endoplasm hits you but does no damage.
The endoplasm misses you.
You hit the endoplasm.
You kill the endoplasm!
Your Axes skill increases to level 2!
You have reached level 2!
You feel monstrous as your demonic heritage exerts itself.
Your demonic ancestry asserts itself...
You grow a small tail.
Unknown command.
Are you sure you want to abandon this character and quit the game? (Confirm with "yes".)

# ...... ##. .... ..
..>. .(... . .#.. . ..#
. .## #.# .... #..
#@##.......... #.#
#.##.......... #.#
#=.#.#.......#
###.####.............
#........#...........
#.#.####...#.......#
#.####.....#†..#.
#.##.........#...
#........##.#.......#...


There were no monsters in sight!

Vanquished Creatures
  A ball python (D:1)
  2 endoplasms (D:1)
  A hobgoblin (D:1)
  A bat (D:1)
  2 frilled lizards (D:1)
  A rat (D:1)
8 creatures vanquished.

Notes
Turn   | Place    | Note
-------+----------+-------------------------------------------
     0 | D:1      | 386 the Demonspawn Fighter began the quest for the Orb.
     0 | D:1      | Reached XP level 1. HP: 18/18 MP: 1/1
   139 | D:1      | Discovered your monstrous ancestry.
   139 | D:1      | Gained mutation: You have a small tail. [demonic ancestry]
   139 | D:1      | Reached XP level 2. HP: 21/24 MP: 2/2
   139 | D:1      | Quit the game

Illustrated notes

Levels and vault maps discovered:
D:1:      eino_arrival_water_cross, layout_rooms, minmay_misc_feat_more_columns

Skill      XL: |  1 |
---------------+----+-----
Axes           | 2 |  2.0
Fighting       | |  3.1
Armour         | |  2.8
Shields        | |  2.8

Action                   || total
-------------------------++-------
Melee: War axe           ||    24
Armor: Scale mail        ||    19
Dodge: Dodged            ||    18
Block: Buckler           ||     4
